 Dungeon Crawl Stone Soup version 0.26-a0-710-g95a0c6c400 (webtiles) character file.

Game seed: 17959325866803671365

555 Glokmah the Gusty (level 7, -3/40 HPs)
             Began as a Tengu Air Elementalist on Oct 30, 2020.
             Was a Follower of Cheibriados.
             Slain by Blork the orc
             ... wielding a +0 halberd
              (14 damage)
             ... on level 4 of the Dungeon.
             The game lasted 00:17:21 (4578 turns).

Glokmah the Gusty (Tengu Air Elementalist)          Turns: 4578, Time: 00:17:22

Health: -3/40      AC:  2    Str: 11    XL:     7   Next: 30%
Magic:  6/11       EV: 14    Int: 18    God:    Cheibriados [*.....]
Gold:   275        SH:  0    Dex: 17    Spells: 2/10 levels left

rFire    . . .     SeeInvis .   f - +0 shortbow
rCold    . . .     Faith    .   (shield currently unavailable)
rNeg     . . .     Spirit   .   a - +0 robe
rPois    .         Reflect  .   (helmet restricted)
rElec    .         Harm     .   (no cloak)
rCorr    .         Rampage  .   (no gloves)
MR       .....                  (boots unavailable)
Stlth    ++........             (no amulet)
HPRegen  0.13/turn              (no ring)
MPRegen  0.12/turn              (no ring)

@: about to teleport, very slow
A: beak, talons 3, able to fly
a: Fly, Bend Time, Renounce Religion


You were on level 4 of the Dungeon.
You worshipped Cheibriados.
Cheibriados was aware of your devotion.
You visited 1 branch of the dungeon, and saw 4 of its levels.

You collected 275 gold pieces.

Inventory:

Hand Weapons
 f - a +0 shortbow (weapon)
 o - a +0 long sword
Missiles
 p - 11 arrows (quivered)
Armour
 a - a +0 robe (worn)
 d - a +0 chain mail
 k - a +0 leather armour
Scrolls
 b - 3 scrolls of remove curse
 c - a scroll of teleportation
 i - a scroll of blinking {unknown}
 j - a scroll of immolation {unknown}
 l - a scroll of fog {unknown}
 q - a scroll of identify
Potions
 e - 3 potions of mutation
 g - 2 potions of curing
 h - a potion of brilliance {unknown}
 m - a potion of flight {unknown}
 n - a potion of cancellation {unknown}


   Skills:
 + Level 2.4 Fighting
 + Level 3.8 Dodging
 - Level 2.0 Stealth
 + Level 2.4 Spellcasting
 * Level 5.4 Conjurations
 * Level 6.6 Air Magic
 + Level 1.6 Invocations


You had 2 spell levels left.
You knew the following spells:

 Your Spells              Type           Power        Failure   Level
a - Shock                 Conj/Air       ###.         1%          1
b - Static Discharge      Conj/Air       ###.....     4%          3
c - Airstrike             Air            ####......   12%         4

Your spell library contained the following spells:

 Spells                   Type           Power        Failure   Level
 Swiftness                Air            ####....     1%          2
 Lightning Bolt           Conj/Air       ###.......   38%         5


Dungeon Overview and Level Annotations

Branches:
Dungeon (4/15)
 Temple: D:4-7

Altars:
Cheibriados
Gozag
Xom
Zin

Annotations:
D:3 Sigmund
D:4 Blork the orc


Innate Abilities, Weirdness & Mutations

You have a beak for a mouth.
You have claws for feet.
You can fly continuously.


Message History

Blork the orc barely misses you.
Casting: Shock (safe; 1% risk of failure)
Confirm with . or Enter, or press ? or * to list all spells.
Aiming: Shock (safe; 1% risk of failure)
Press: ? - help, Shift-Dir - straight line, f/p - orc
Aim: an orc (lightly wounded)
The zap hits Blork the orc.
Blork the orc completely resists.
Blork the orc is lightly wounded.
The zap hits the orc.
The orc is heavily wounded.
The zap misses the orc.
The zap hits the orc.
The orc is heavily wounded.
Blork the orc barely misses you.
Blork the orc hits you from afar with a +0 halberd!
* * * LOW HITPOINT WARNING * * *
The flow of time bends around you. Blork the orc closely misses you.
As you read the scroll of teleportation, it crumbles to dust.
You feel strangely unstable. Blork the orc closely misses you.
Blork the orc hits you from afar with a +0 halberd!
You die...

... ### #.#.# #.# #.
..# #.#.# #.# #. #.#
#.#.# #.# #. #.# #.#.#
#.# #.# # #.# #.#.#
#.# ##...#.###.##
#.#.# #<#
#..##..##.).####.#.#
#.#
#...#.....#o.......#
#.#
#.#@#.##....######.# #
#.# #...# #.#.## #.# .
..# ##o## #.#.# #.# #
..# #.###o####.#.#####
#.# ...#
#....oo.o..#.....###.#
#.##
#####.####...........#
#. #.##.....###.#.###
#.##.###.# #.#.# #...o
#.# #.#.#


You could see Blork the orc (fast, resistant) and 3 orcs.

Vanquished Creatures
  A centaur (D:4)
  A scorpion (D:4)
  A bullfrog zombie (D:2)
  2 hounds (D:4)
  A centaur skeleton (D:4)
  2 iguanas
  An orc wizard (D:3)
  3 worker ants (D:4)
  A hound skeleton (D:4)
  5 adders
  4 worms
  4 dart slugs
  8 orcs
  2 ball pythons
  5 giant cockroaches
  6 goblins
  6 hobgoblins
  8 jackals
  2 quokkas (D:3)
  7 bats
  4 frilled lizards
  3 kobolds
  A leopard gecko skeleton (D:4)
  6 rats
84 creatures vanquished.

Notes
Turn   | Place    | Note
-------+----------+-------------------------------------------
     0 | D:1      | Glokmah the Tengu Air Elementalist began the quest for the
                  | Orb.
     0 | D:1      | Reached XP level 1. HP: 10/10 MP: 4/4
   217 | D:1      | Reached XP level 2. HP: 16/16 MP: 4/6
   651 | D:1      | Reached XP level 3. HP: 20/20 MP: 4/7
   813 | D:1      | Learned a level 3 spell: Static Discharge
  1471 | D:1      | Reached skill level 1 in Fighting
  1710 | D:2      | Found a glowing silver altar of Zin.
  1829 | D:2      | Reached XP level 4. HP: 25/25 MP: 6/8
  1893 | D:2      | Reached skill level 5 in Air Magic
  2266 | D:2      | Found an opulent altar of Gozag.
  2269 | D:2      | Found a snail-covered altar of Cheibriados.
  2277 | D:2      | Became a worshipper of Cheibriados the Contemplative
  2473 | D:3      | Gained mutation: You can fly continuously. [Tengu growth]
  2473 | D:3      | Reached XP level 5. HP: 29/29 MP: 2/9
  2849 | D:3      | Noticed Sigmund
  2992 | D:3      | Learned a level 4 spell: Airstrike
  3071 | D:3      | Found a shimmering altar of Xom.
  3323 | D:3      | Found a faded altar of an unknown god.
  3548 | D:4      | Reached XP level 6. HP: 35/35 MP: 6/10
  3560 | D:4      | Reached skill level 1 in Invocations
  3771 | D:4      | Reached skill level 6 in Air Magic
  3930 | D:4      | Reached * piety under Cheibriados
  3930 | D:4      | Reached skill level 5 in Conjurations
  3988 | D:4      | Reached XP level 7. HP: 28/40 MP: 5/11
  4527 | D:4      | Noticed Blork the orc
  4578 | D:4      | Slain by Blork the orc

Illustrated notes

Levels and vault maps discovered:
D:1:      tarquinn_simple_flora_water_f, layout_basic
D:2:      layout_basic, nicolae_overflow_hidden_temple,
          chequers_temple_overflow_statue_of_worship, due_unseen_surprise
D:3:      layout_rooms, marbit_many_paths, chequers_ecumenical_altar_lobes,
          uniq_sigmund
D:4:      layout_loops_ring, abandoned_shop, uniq_blork_the_orc

Skill      XL: |  1  2  3  4  5  6 |
---------------+-------------------+-----
Conjurations   | 2 3 4 5 |  5.4
Fighting       | 1 2 |  2.4
Air Magic      | 5 6 |  6.6
Dodging        | 3 |  3.8
Invocations    | 1 |  1.6
Stealth        | |  2.0
Spellcasting   | |  2.4

Action                   |  1- 3 |  4- 6 |  7- 9 || total
-------------------------+-------+-------+-------++-------
Melee: Unarmed           |     2 |       |       ||     2
       Whip              |     1 |       |       ||     1
       Short sword       |       |     6 |       ||     6
       Long sword        |       |     7 |       ||     7
       Peck              |       |     4 |       ||     4
       Kick              |       |     2 |       ||     2
 Cast: Shock             |    69 |    97 |    23 ||   189
       Static Discharge  |     1 |     1 |     5 ||     7
Invok: Bend Time         |       |       |     1 ||     1
  Use: Scroll            |     4 |     2 |     1 ||     7
 Stab: Sleeping          |       |     2 |       ||     2
Armor: Robe              |     4 |     3 |     1 ||     8
Dodge: Dodged            |    20 |    28 |    10 ||    58
       Rpst.: Long sword |       |     2 |       ||     2

Table legend: (Time is in decaauts)
 A = Elapsed time spent in this place.
 B = Non-inter-level travel time spent in this place.
 C = Inter-level travel time spent in this place.
 D = Time resting spent in this place.
 E = Time spent auto-exploring this place.
 F = Levels seen in this place.
 G = Mean time per level.
                   A        B        C        D        E       F      G
               +--------+--------+--------+--------+--------+-----+--------+
         Total |   4931 |   4520 |    411 |   1444 |   1674 |   4 | 1232.8 |
       Dungeon |   4931 |   4520 |    411 |   1444 |   1674 |   4 | 1232.8 |
               +--------+--------+--------+--------+--------+-----+--------+

Top non-repeatable levels by time:
     D:1: 1499 daAuts
     D:3: 1275 daAuts
     D:4: 1196 daAuts
     D:2: 960 daAuts
